 Dungeon Crawl Stone Soup version 0.29-a0-722-g64f5989226 (webtiles) character file.

Game seed: 11259655550746798194

73 KristoblXynda the Slasher (level 4, 0/38 HPs)
             Began as a Draconian Gladiator on June 28, 2022.
             Slain by Ijyb
             ... wielding a +0 dagger
              (5 damage)
             ... on level 3 of the Dungeon.
             The game lasted 00:01:47 (1960 turns).

KristoblXynda the Slasher (Draconian Gladiator)     Turns: 1960, Time: 00:01:48

Health: 0/38       AC:  5    Str: 16    XL:     4   Next: 8%
Magic:  4/4        EV: 13    Int:  9    God:
Gold:   24         SH:  0    Dex: 14    Spells: 3/3 levels left

rFire   . . .      SeeInvis .   a - +0 long sword
rCold   . . .      Faith    .   (no shield)
rNeg    . . .      Spirit   .   (body armour unavailable)
rPois   .          Reflect  .   b - +0 hat
rElec   .          Harm     .   (no cloak)
rCorr   .          Rampage  .   (no gloves)
Will    .....                   (no boots)
Stlth   +.........              (no amulet)
HPRegen 0.12/turn               (no ring)
MPRegen 0.09/turn               (no ring)

@: attractive, flying
A: AC +5, unfitting armour, cold-blooded
a: no special abilities


You were on level 3 of the Dungeon.
You visited 1 branch of the dungeon, and saw 3 of its levels.

You collected 94 gold pieces.
You spent 70 gold pieces at shops.

Inventory:

Hand Weapons
 a - a +0 long sword (weapon)
Missiles
 d - a javelin (quivered)
Armour
 b - a +0 hat (worn)
Jewellery
 h - a ring of fire
Scrolls
 g - a scroll of fog {unknown}
 k - a scroll of blinking {unknown}
 m - a scroll of fear {unknown}
 n - a scroll of teleportation
Potions
 f - a potion of brilliance {unknown}
 l - a potion of might {unknown}


   Skills:
 + Level 3.0 Fighting
 * Level 4.0 Long Blades
 - Level 2.0 Throwing
 + Level 3.2 Dodging


You had 3 spell levels left.
You didn't know any spells.
Your spell library contained the following spells:

 Spells                   Type           Power      Damage    Failure   Level
 Blink                    Tloc           0%         N/A       52%         2
 Sublimation of Blood     Necr           0%         N/A       52%         2
 Wereblood                Tmut           0%         N/A       52%         2
 Lesser Beckoning         Tloc           0%         N/A       77%         3
 Manifold Assault         Tloc           0%         N/A       100%        5
 Summon Hydra             Summ           0%         N/A       100%        7


Dungeon Overview and Level Annotations

Branches:
Dungeon (3/15)

Altars:

Shops:
D:1 (   D:2 ?

Annotations:
D:3 Ijyb


Innate Abilities, Weirdness & Mutations

Your plain brown scales are hard. (AC +5)
You cannot fit into any form of body armour.
You are cold-blooded and may be slowed by cold attacks.


Message History

Aim: Ijyb, wielding a +0 dagger, wearing a +3 leather armour of willpower and carrying a wand of mindburst (15) (lightly wounded, 53% to hit)
You throw a throwing net. The throwing net closely misses Ijyb.
Ijyb hits you with a +0 dagger.
* * * LOW HITPOINT WARNING * * *
Throw: throwing net
Press: ? - help, Q - select action, (/) - cycle Shift-Dir - straight line, f/p - Ijyb
Aim: Ijyb, wielding a +0 dagger, wearing a +3 leather armour of willpower and carrying a wand of mindburst (15) (lightly wounded, 53% to hit)
You throw a throwing net. The throwing net hits Ijyb.
Ijyb is caught in the net!
Ijyb is lightly wounded.
Ijyb struggles against the net.
You hit Ijyb but do no damage.
Ijyb is lightly wounded.
Ijyb struggles against the net.
You hit Ijyb.
Ijyb is lightly wounded.
Ijyb struggles against the net.
You hit Ijyb.
Ijyb is moderately wounded.
Ijyb struggles against the net. x2
You strike the helpless Ijyb from behind!
You hit Ijyb. You tail-slap Ijyb, but do no damage.
Ijyb is moderately wounded.
Ijyb struggles against the net.
The net rips apart, and Ijyb comes free!
You barely miss Ijyb.
Ijyb is moderately wounded.
Ijyb zaps a wand.
Your mind is blasted!
* * * LOW HITPOINT WARNING * * *
You closely miss Ijyb.
Ijyb is moderately wounded.
Ijyb hits you but does no damage.
You hit Ijyb but do no damage.
Your tail-slap misses Ijyb.
Ijyb is moderately wounded.
Ijyb closely misses you.
Unknown command.
You closely miss Ijyb.
Ijyb is moderately wounded.
Ijyb hits you with a +0 dagger.
You die...

# #. ##.# #
####...###.####.
.(.....g@.......
####...###.####.
##.# # #. #


You could see Ijyb.

Vanquished Creatures
  2 adders (D:2)
  A worm (D:2)
  2 dart slugs (D:1)
  4 bats (D:1)
  6 endoplasms
  A giant cockroach (D:2)
  2 goblins (D:2)
  5 hobgoblins
  2 jackals (D:2)
  4 quokkas
  5 ball pythons
  A frilled lizard (D:2)
  7 kobolds
  3 rats
45 creatures vanquished.

Notes
Turn   | Place    | Note
-------+----------+-------------------------------------------
     0 | D:1      | KristoblXynda the Draconian Gladiator began the quest for
                  | the Orb.
     0 | D:1      | Reached XP level 1. HP: 17/17 MP: 1/1
   252 | D:1      | Reached XP level 2. HP: 21/25 MP: 2/2
   636 | D:1      | Found a faded altar of an unknown god.
   683 | D:1      | Found Xurafo's Weapon Shop.
  1119 | D:2      | Found Mennit's Magic Scroll Emporium.
  1126 | D:2      | Reached XP level 3. HP: 25/30 MP: 3/3
  1265 | D:2      | Bought a scroll of identify for 28 gold pieces
  1265 | D:2      | Bought a scroll of teleportation for 42 gold pieces
  1584 | D:2      | Reached XP level 4. HP: 31/38 MP: 4/4
  1671 | D:2      | Reached skill level 4 in Long Blades
  1939 | D:3      | Noticed Ijyb
  1947 | D:3      | HP: 1/38 [disintegration (18)]
  1960 | D:3      | Slain by Ijyb

Illustrated notes

Levels and vault maps discovered:
D:1:      psy_arrival_conway, layout_basic,
          chequers_ecumenical_altar_simple_redux, serial_shops, shop,
          minmay_misc_feat_secret_circle, minmay_tetromino_s4
D:2:      layout_rooms, serial_shops, nicolae_shop_stone
D:3:      layout_loops_corners, uniq_robin, uniq_ijyb

Skill      XL: |  1  2  3  4 |
---------------+-------------+-----
Throwing       | 2 |  2.0
Dodging        | 3 |  3.2
Fighting       | 3 |  3.0
Long Blades    | 4 |  4.0

Action                   |  1- 3 |  4- 6 || total
-------------------------+-------+-------++-------
Melee: Long sword        |   113 |    15 ||   128
       Tailslap          |    13 |     2 ||    15
Throw: Throwing net      |       |     3 ||     3
  Use: Scroll            |     2 |       ||     2
       Potion            |       |     3 ||     3
 Stab: Distracted        |     1 |       ||     1
       Held in net/web   |       |     1 ||     1
Armor: Skin              |    38 |     1 ||    39
Dodge: Dodged            |    93 |     2 ||    95

Table legend: (Time is in decaauts)
 A = Elapsed time spent in this place.
 B = Non-inter-level travel time spent in this place.
 C = Inter-level travel time spent in this place.
 D = Time resting spent in this place.
 E = Time spent auto-exploring this place.
 F = Levels seen in this place.
 G = Mean time per level.
                   A        B        C        D        E       F      G
               +--------+--------+--------+--------+--------+-----+--------+
         Total |   1994 |   1947 |     47 |     53 |   1577 |   3 |  664.7 |
       Dungeon |   1994 |   1947 |     47 |     53 |   1577 |   3 |  664.7 |
               +--------+--------+--------+--------+--------+-----+--------+

Top non-repeatable levels by time:
     D:1: 1092 daAuts
     D:2: 879 daAuts
     D:3: 22 daAuts
